 Dungeon Crawl Stone Soup version 0.26-a0-672-g1df16c3386 (webtiles) character file.

Game seed: 661076653133542489

88 strifetoe the Conjurer (level 4, -2/35 HPs)
             Began as a Palentonga Hedge Wizard on Oct 20, 2020.
             Slain by Natasha (6 damage)
             ... on level 3 of the Dungeon.
             The game lasted 00:03:35 (2944 turns).

strifetoe the Conjurer (Palentonga Hedge Wizard)    Turns: 2944, Time: 00:03:35

Health: -2/35      AC:  4    Str: 13    XL:     4   Next: 30%
Magic:  5/8        EV: 10    Int: 21    God:
Gold:   87         SH:  0    Dex: 10    Spells: 8/9 levels left

rFire    . . .     SeeInvis +   h - +0 short sword
rCold    . . .     Faith    .   (no shield)
rNeg     . . .     Spirit   .   b - +0 robe
rPois    .         Reflect  .   c - +0 hat
rElec    .         Harm     .   (no cloak)
rCorr    .         Rampage  .   (no gloves)
MR       .....                  (no barding)
Stlth    +.........             (no amulet)
HPRegen  0.11/turn              j - +6 ring of intelligence
MPRegen  0.11/turn              (no ring)

@: slowed, very slow
A: large, rugged brown scales 3, see invisible, deformed body, roll, armoured
tail
a: Rolling Charge


You were on level 3 of the Dungeon.
You visited 1 branch of the dungeon, and saw 3 of its levels.

You collected 87 gold pieces.

Inventory:

Hand Weapons
 a - a +0 dagger
 h - a +0 short sword (weapon)
 k - a cursed -3 war axe
Armour
 b - a +0 robe (worn)
 c - a +0 hat (worn)
Jewellery
 j - a +6 ring of intelligence (left hand)
Scrolls
 d - a scroll of fear {unknown}
 e - 2 scrolls of teleportation
 f - 2 scrolls of remove curse {unknown}
 g - a scroll of amnesia {unknown}
 i - a scroll of identify {unknown}


   Skills:
 - Level 1.5 Dodging
 - Level 1.2 Stealth
 - Level 3.0 Spellcasting
 + Level 3.8 Conjurations
   Level 0.7 Summonings
   Level 1.0 Translocations


You had 8 spell levels left.
You knew the following spells:

 Your Spells              Type           Power        Failure   Level
a - Magic Dart            Conj           ###.         2%          1

Your spell library contained the following spells:

 Spells                   Type           Power        Failure   Level
 Blink                    Tloc           N/A          13%         2
 Call Imp                 Summ           #.......     16%         2
 Conjure Flame            Conj/Fire      ##......     19%         3
 Slow                     Hex            #.......     21%         2
 Mephitic Cloud           Conj/Pois/Air  #.......     24%         3


Dungeon Overview and Level Annotations

Branches:
Dungeon (3/15)

Altars:

Annotations:
D:3 Natasha


Innate Abilities, Weirdness & Mutations

You are completely covered in rugged brown scales. (AC +3, +7% HP)
You have supernaturally acute eyesight. (SInv)
Armour fits poorly on your strangely shaped body.
You can roll at foes to attack.
You have a long armoured tail.


Message History

Casting: Magic Dart (safe; 2% risk of failure)
Confirm with . or Enter, or press ? or * to list all spells.
Aiming: Magic Dart (safe; 2% risk of failure)
Press: ? - help, Shift-Dir - straight line, f/p - Natasha
Aim: Natasha, carrying a wand of flame (21) (moderately wounded)
The magic dart hits Natasha.
Natasha is heavily wounded.
Natasha claws you.
* * * LOW HITPOINT WARNING * * *
Unknown command.
Casting: Magic Dart (safe; 2% risk of failure)
Confirm with . or Enter, or press ? or * to list all spells.
Aiming: Magic Dart (safe; 2% risk of failure)
Press: ? - help, Shift-Dir - straight line, f/p - Natasha
Aim: Natasha, carrying a wand of flame (21) (heavily wounded)
The magic dart hits Natasha.
Natasha is severely wounded.
The orc wizard shouts!
You hear an angry hiss.
Natasha closely misses you. Natasha claws you.
You die...

#.##.###.#.##.
..........#....#
...##.#...[#oo##
########..)......#....
...............[.....########
.........<.##.................
...###....)..#.....o.#........
.<.#
####....#(###o.............
#### ####....@hBg............
#...###g.#........... #..##
#......g.......
####..######............
#........# #.#..........
##........# #.#..........
...........# #...†..####
###........#####.##.###
#######.....##.##...#####


You could see 2 orc wizards, Natasha, a giant cockroach and 2 goblins.

Vanquished Creatures
  5 adders
  A dart slug (D:1)
  A leopard gecko (D:1)
  5 bats
  2 giant cockroaches (D:1)
  5 goblins
  5 hobgoblins
  A ball python (D:2)
  10 frilled lizards
  6 kobolds
  3 rats
44 creatures vanquished.

Notes
Turn   | Place    | Note
-------+----------+-------------------------------------------
     0 | D:1      | strifetoe the Palentonga Hedge Wizard began the quest for
                  | the Orb.
     0 | D:1      | Reached XP level 1. HP: 14/14 MP: 4/4
    21 | D:1      | Reached skill level 1 in Conjurations
   112 | D:1      | Reached XP level 2. HP: 14/21 MP: 0/6
  1441 | D:1      | Reached XP level 3. HP: 9/27 MP: 1/7
  1463 | D:1      | HP: 1/27 [poisoned by an adder]
  2062 | D:2      | Reached XP level 4. HP: 35/35 MP: 1/8
  2919 | D:3      | Noticed Natasha
  2944 | D:3      | Slain by Natasha

Illustrated notes

Levels and vault maps discovered:
D:1:      minmay_arrival_solitary_statue, layout_loops_cross,
          roderic_roman_lattice, minmay_lizard_pond
D:2:      cheibrodos_helix_gallery, layout_loops_ring, serial_glass,
          glass_columns_b, glass_columns_b, glass_columns_a, glass_columns_b,
          glass_columns_b, glass_columns_b, glass_columns_c, glass_columns_a
D:3:      layout_rooms, uniq_robin, uniq_grinder, uniq_natasha

Skill      XL: |  1  2  3 |
---------------+----------+-----
Conjurations   | 1 2 3 |  3.8
Dodging        | |  1.5
Stealth        | |  1.2
Spellcasting   | |  3.0
Summonings     | |  0.7
Translocations | |  1.0

Action                   |  1- 3 |  4- 6 || total
-------------------------+-------+-------++-------
Melee: Dagger            |    52 |       ||    52
       Short sword       |    71 |    15 ||    86
       Tailslap          |     8 |       ||     8
 Cast: Magic Dart        |    25 |    23 ||    48
  Use: Potion            |     2 |       ||     2
       Scroll            |       |     2 ||     2
 Stab: Sleeping          |     3 |       ||     3
Armor: Robe              |    60 |    10 ||    70
Dodge: Dodged            |    65 |    17 ||    82

Table legend: (Time is in decaauts)
 A = Elapsed time spent in this place.
 B = Non-inter-level travel time spent in this place.
 C = Inter-level travel time spent in this place.
 D = Time resting spent in this place.
 E = Time spent auto-exploring this place.
 F = Levels seen in this place.
 G = Mean time per level.
                   A        B        C        D        E       F      G
               +--------+--------+--------+--------+--------+-----+--------+
         Total |   2964 |   2908 |     56 |    791 |   1732 |   3 |  988.0 |
       Dungeon |   2964 |   2908 |     56 |    791 |   1732 |   3 |  988.0 |
               +--------+--------+--------+--------+--------+-----+--------+

Top non-repeatable levels by time:
     D:1: 1794 daAuts
     D:2: 1076 daAuts
     D:3: 93 daAuts
